| TOP OF THE 1ST |
|
Hamilton Cardinals batting - Pitching for Detroit Red Wings : RHP Moos Jansen
|
|
Pitching: RHP Moos Jansen
|
|
|
Batting: RHB Matt Shaw
|
0-0: SINGLE (Groundball, 6MS, EV 63.8 MPH) (infield hit)
|
|
Batting: LHB Josh Levin
|
0-0: Ball 1-0: Foul Ball, location: 2F 1-1: Called Strike Matt Shaw steals 2nd base 1-2: Ball 2-2: Strikes out swinging
|
|
Batting: SHB Kelly Brooks
|
0-0: Called Strike 0-1: Ball 1-1: Ball 2-1: Called Strike 2-2: Ball 3-2: Base on Balls
|
|
Batting: LHB Jonathan Barker
|
0-0: Swinging Strike 0-1: Foul Ball, location: 2F 0-2: Reaches on Catchers interference Matt Shaw to third Kelly Brooks to second
|
|
Batting: SHB Jae-hong Kym
|
0-0: Foul Ball, location: 2F 0-1: Ball 1-1: Fly out, F7 (Flyball, 7S, EV 93.1 MPH)
|
|
Batting: LHB Steven Higgs
|
0-0: Called Strike 0-1: Ball 1-1: Foul Ball, location: 2F 1-2: Fly out, F8 (Flyball, 8LD, EV 95.6 MPH)
|
| Top of the 1st over - 0 runs, 1 hit, 1 error, 3 left on base; Hamilton 0 - Detroit 0 |
| BOTTOM OF THE 1ST |
|
Detroit Red Wings batting - Pitching for Hamilton Cardinals : RHP Tom Gordam
|
|
Pitching: RHP Tom Gordam
|
|
|
Batting: RHB António Scarlett
|
0-0: Foul Ball, location: 2F 0-1: Ball 1-1: Ball 2-1: Ball 3-1: Called Strike 3-2: Fly out, F2 (Popup, 2L, EV 89.4 MPH)
|
|
Batting: RHB Felipe Torres
|
0-0: Called Strike 0-1: Called Strike 0-2: DOUBLE (Line Drive, 8LD, EV 85.0 MPH)
|
|
Batting: LHB Ryan Adams
|
0-0: Ground out 4-3 (Groundball, 4, EV 92.5 MPH) Felipe Torres to third
|
|
Batting: SHB Bill Casal
|
0-0: Called Strike 0-1: Foul Ball, location: 2F 0-2: Strikes out swinging
|
| Bottom of the 1st over - 0 runs, 1 hit, 0 errors, 1 left on base; Hamilton 0 - Detroit 0 |
| TOP OF THE 2ND |
|
Hamilton Cardinals batting - Pitching for Detroit Red Wings : RHP Moos Jansen
|
|
Batting: RHB Jeff Gale
|
0-0: Called Strike 0-1: SINGLE (Groundball, 56D, EV 100.0 MPH)
|
|
Batting: LHB John Stewart
|
0-0: Ball 1-0: Ball 2-0: Ball 3-0: Called Strike 3-1: Called Strike 3-2: Foul Ball, location: 2F 3-2: 2-RUN HOME RUN (Flyball, 9LD, EV 95.6 MPH), Distance : 362 ft
|
|
Batting: RHB Oscar Higareda
|
0-0: Ball 1-0: Ball 2-0: Called Strike 2-1: Ball 3-1: Called Strike 3-2: Strikes out swinging
|
|
Batting: RHB Matt Shaw
|
0-0: SINGLE (Line Drive, 9S, EV 94.4 MPH)
|
|
Batting: LHB Josh Levin
|
0-0: Called Strike Matt Shaw steals 2nd base 0-1: Ball 1-1: Foul Ball, location: 2F 1-2: Foul Ball, location: 2F 1-2: Strikes out looking
|
|
Batting: SHB Kelly Brooks
|
0-0: Called Strike 0-1: Ball 1-1: Ball 2-1: Foul Ball, location: 2F 2-2: Fly out, F4 (Flyball, 4MD, EV 84.4 MPH)
|
| Top of the 2nd over - 2 runs, 3 hits, 0 errors, 1 left on base; Hamilton 2 - Detroit 0 |
| BOTTOM OF THE 2ND |
|
Detroit Red Wings batting - Pitching for Hamilton Cardinals : RHP Tom Gordam
|
|
Batting: SHB Salvador Lacosta
|
0-0: Ball 1-0: Ball 2-0: Swinging Strike 2-1: Swinging Strike 2-2: Strikes out swinging
|
|
Batting: RHB Victor Acuna
|
0-0: Fly out, F8 (Flyball, 89M, EV 89.4 MPH)
|
|
Batting: RHB Carlos Avila
|
0-0: Ball 1-0: Fly out, F2 (Popup, 23F, EV 87.5 MPH)
|
| Bottom of the 2nd over - 0 runs, 0 hits, 0 errors, 0 left on base; Hamilton 2 - Detroit 0 |
| TOP OF THE 3RD |
|
Hamilton Cardinals batting - Pitching for Detroit Red Wings : RHP Moos Jansen
|
|
Batting: LHB Jonathan Barker
|
0-0: Ball 1-0: Called Strike 1-1: Fly out, F7 (Flyball, 7, EV 85.6 MPH)
|
|
Batting: SHB Jae-hong Kym
|
0-0: Ball 1-0: Ball 2-0: Ball 3-0: Called Strike 3-1: Base on Balls
|
|
Batting: LHB Steven Higgs
|
0-0: SINGLE (Groundball, 3D, EV 101.9 MPH) Jae-hong Kym to second Runner from 2nd tries for 3rd, SAFE, throw by RF made to third
|
|
Batting: RHB Jeff Gale
|
0-0: Ball 1-0: Swinging Strike 1-1: Called Strike 1-2: Strikes out swinging
|
|
Batting: LHB John Stewart
|
0-0: Ball 1-0: Swinging Strike 1-1: Called Strike 1-2: Strikes out swinging
|
| Top of the 3rd over - 0 runs, 1 hit, 0 errors, 2 left on base; Hamilton 2 - Detroit 0 |
| BOTTOM OF THE 3RD |
|
Detroit Red Wings batting - Pitching for Hamilton Cardinals : RHP Tom Gordam
|
|
Batting: RHB Jason LeBlanc
|
0-0: Ball 1-0: Ball 2-0: Ball 3-0: Called Strike 3-1: Called Strike 3-2: Strikes out swinging
|
|
Batting: RHB Mark Massey
|
0-0: Ball 1-0: Ball 2-0: Ball 3-0: Called Strike 3-1: Called Strike 3-2: Base on Balls
|
|
Batting: RHB António Scarlett
|
0-0: Called Strike 0-1: Foul Ball, location: 2F 0-2: Ball 1-2: Grounds into double play, 6-4-3 (Groundball, 6, EV 88.1 MPH)
|
| Bottom of the 3rd over - 0 runs, 0 hits, 0 errors, 0 left on base; Hamilton 2 - Detroit 0 |
| TOP OF THE 4TH |
|
Hamilton Cardinals batting - Pitching for Detroit Red Wings : RHP Moos Jansen
|
|
Batting: RHB Oscar Higareda
|
0-0: Called Strike 0-1: Swinging Strike 0-2: Strikes out swinging
|
|
Batting: RHB Matt Shaw
|
0-0: Called Strike 0-1: Ball 1-1: Fly out, F8 (Flyball, 8RD, EV 101.2 MPH)
|
|
Batting: LHB Josh Levin
|
0-0: Called Strike 0-1: Ball 1-1: Swinging Strike 1-2: Foul Ball, location: 2F 1-2: Foul Ball, location: 2F 1-2: Ground out 5-3 (Groundball, 6, EV 100.6 MPH)
|
| Top of the 4th over - 0 runs, 0 hits, 0 errors, 0 left on base; Hamilton 2 - Detroit 0 |
| BOTTOM OF THE 4TH |
|
Detroit Red Wings batting - Pitching for Hamilton Cardinals : RHP Tom Gordam
|
|
Batting: RHB Felipe Torres
|
0-0: Ball 1-0: Called Strike 1-1: Called Strike 1-2: Strikes out swinging
|
|
Batting: LHB Ryan Adams
|
0-0: Ball 1-0: Called Strike 1-1: Foul Ball, location: 2F 1-2: Ball 2-2: Foul Ball, location: 2F 2-2: Fly out, F9 (Line Drive, 89S, EV 97.5 MPH)
|
|
Batting: SHB Bill Casal
|
0-0: Called Strike 0-1: Ball 1-1: Ball 2-1: Ball 3-1: Swinging Strike 3-2: Strikes out swinging
|
| Bottom of the 4th over - 0 runs, 0 hits, 0 errors, 0 left on base; Hamilton 2 - Detroit 0 |
| TOP OF THE 5TH |
|
Hamilton Cardinals batting - Pitching for Detroit Red Wings : RHP Moos Jansen
|
|
Batting: SHB Kelly Brooks
|
0-0: SOLO HOME RUN (Flyball, 9D, EV 103.8 MPH), Distance : 421 ft
|
|
Batting: LHB Jonathan Barker
|
0-0: Ball 1-0: Ball 2-0: Ball 3-0: Base on Balls
|
|
Pitching: LHP Greg Bradley
|
|
|
Batting: SHB Jae-hong Kym
|
0-0: Ball 1-0: Foul Ball, location: 2F 1-1: Grounds into double play, 6-4-3 (Groundball, 6, EV 87.5 MPH)
|
|
Batting: LHB Steven Higgs
|
0-0: Ball 1-0: Ball 2-0: Foul Ball, location: 2F 2-1: Called Strike 2-2: Strikes out looking
|
| Top of the 5th over - 1 run, 1 hit, 0 errors, 0 left on base; Hamilton 3 - Detroit 0 |
| BOTTOM OF THE 5TH |
|
Detroit Red Wings batting - Pitching for Hamilton Cardinals : RHP Tom Gordam
|
|
Batting: SHB Salvador Lacosta
|
0-0: Called Strike 0-1: Swinging Strike 0-2: Foul Ball, location: 2F 0-2: Ground out 6-3 (Groundball, 56D, EV 85.6 MPH)
|
|
Batting: RHB Victor Acuna
|
0-0: Foul Ball, location: 2F 0-1: Ball 1-1: Foul Ball, location: 2F 1-2: Strikes out looking
|
|
Batting: RHB Carlos Avila
|
0-0: Ball 1-0: Swinging Strike 1-1: Ball 2-1: Foul Ball, location: 2F 2-2: Ball 3-2: Base on Balls
|
|
Batting: RHB Jason LeBlanc
|
0-0: Called Strike 0-1: Fielders Choice at 2nd, 6-4 (Groundball, 6, EV 101.9 MPH)
|
| Bottom of the 5th over - 0 runs, 0 hits, 0 errors, 1 left on base; Hamilton 3 - Detroit 0 |
| TOP OF THE 6TH |
|
Hamilton Cardinals batting - Pitching for Detroit Red Wings : LHP Greg Bradley
|
|
Batting: RHB Jeff Gale
|
0-0: Ball 1-0: Swinging Strike 1-1: Foul Ball, location: 2F 1-2: Ball 2-2: Strikes out swinging
|
|
Batting: LHB John Stewart
|
0-0: Called Strike 0-1: Called Strike 0-2: Strikes out looking
|
|
Batting: RHB Oscar Higareda
|
0-0: Ball 1-0: Swinging Strike 1-1: Swinging Strike 1-2: Ball 2-2: Ball 3-2: Strikes out swinging
|
| Top of the 6th over - 0 runs, 0 hits, 0 errors, 0 left on base; Hamilton 3 - Detroit 0 |
| BOTTOM OF THE 6TH |
|
Detroit Red Wings batting - Pitching for Hamilton Cardinals : RHP Tom Gordam
|
|
Batting: RHB Mark Massey
|
0-0: Ball 1-0: Ball 2-0: Called Strike 2-1: Swinging Strike 2-2: Strikes out looking
|
|
Batting: RHB António Scarlett
|
0-0: Ground out 5-3 (Groundball, 56, EV 88.8 MPH)
|
|
Batting: RHB Felipe Torres
|
0-0: Ball 1-0: Foul Ball, location: 2F 1-1: DOUBLE (Flyball, 7LD, EV 111.9 MPH)
|
|
Batting: LHB Ryan Adams
|
0-0: Called Strike 0-1: Foul Ball, location: 2F 0-2: Ball 1-2: Strikes out looking
|
| Bottom of the 6th over - 0 runs, 1 hit, 0 errors, 1 left on base; Hamilton 3 - Detroit 0 |
| TOP OF THE 7TH |
|
Hamilton Cardinals batting - Pitching for Detroit Red Wings : LHP Greg Bradley
|
|
Batting: RHB Matt Shaw
|
0-0: Ball 1-0: Foul Ball, location: 2F 1-1: Ground out 4-3 (Groundball, 4, EV 101.9 MPH)
|
|
Batting: LHB Josh Levin
|
0-0: Foul Ball, location: 2F 0-1: Foul Ball, location: 2F 0-2: Ball 1-2: Ball 2-2: Foul Ball, location: 2F 2-2: Strikes out swinging
|
|
Batting: SHB Kelly Brooks
|
0-0: Ball 1-0: Called Strike 1-1: Ball 2-1: Ball 3-1: Base on Balls
|
|
Batting: LHB Jonathan Barker
|
0-0: Hit by Pitch Kelly Brooks to second
|
|
Batting: SHB Jae-hong Kym
|
0-0: Foul Ball, location: 2F 0-1: Foul Ball, location: 2F 0-2: Ground out 4-3 (Groundball, 4, EV 104.4 MPH)
|
| Top of the 7th over - 0 runs, 0 hits, 0 errors, 2 left on base; Hamilton 3 - Detroit 0 |
| BOTTOM OF THE 7TH |
|
Detroit Red Wings batting - Pitching for Hamilton Cardinals : RHP Tom Gordam
|
|
Batting: SHB Bill Casal
|
0-0: Swinging Strike 0-1: Ball 1-1: Called Strike 1-2: Strikes out swinging
|
|
Batting: SHB Salvador Lacosta
|
0-0: SINGLE (Groundball, 6MD, EV 110.6 MPH)
|
|
Batting: RHB Victor Acuna
|
0-0: Ball 1-0: Ball 2-0: Ball 3-0: Called Strike 3-1: Foul Ball, location: 2F 3-2: Base on Balls Salvador Lacosta to second
|
|
Pinch Hitting: LHB Simon Barry
|
0-0: Ball 1-0: Foul Ball, location: 2F 1-1: Ball 2-1: Called Strike 2-2: SINGLE (Line Drive, 8LS, EV 86.2 MPH) Salvador Lacosta to third Victor Acuna to second
|
|
Pinch Hitting: LHB David Kyle
|
0-0: Ball 1-0: Ball 2-0: Foul Ball, location: 2F 2-1: Swinging Strike 2-2: Foul Ball, location: 2F 2-2: Foul Ball, location: 2F 2-2: SINGLE (Groundball, 6M, EV 102.5 MPH) Salvador Lacosta scores Victor Acuna to third Simon Barry to second Runner from 3rd tries for Home, throw by CF and OUT! 8-2
|
|
Batting: LHB Duda Pinho
|
0-0: Called Strike 0-1: Ball 1-1: Foul Ball, location: 2F 1-2: Strikes out swinging
|
| Bottom of the 7th over - 1 run, 3 hits, 0 errors, 2 left on base; Hamilton 3 - Detroit 1 |
| TOP OF THE 8TH |
|
Hamilton Cardinals batting - Pitching for Detroit Red Wings : LHP Greg Bradley
|
|
Now at 1B: Simon Barry
|
|
|
Now at 2B: Roderick Speed
|
|
|
Batting: LHB Steven Higgs
|
0-0: Foul Ball, location: 2F 0-1: Ball 1-1: Hit by Pitch
|
|
Batting: RHB Jeff Gale
|
0-0: Foul Ball, location: 2F 0-1: Foul Ball, location: 2F 0-2: Foul Ball, location: 2F 0-2: Ball 1-2: Ball 2-2: Foul Ball, location: 2F 2-2: Foul Ball, location: 2F 2-2: Foul Ball, location: 2F 2-2: Strikes out swinging
|
|
Pitching: LHP Jayden Carter
|
|
|
Batting: LHB John Stewart
|
0-0: Grounds into double play, 4-6-3 (Groundball, 4, EV 80.6 MPH)
|
| Top of the 8th over - 0 runs, 0 hits, 0 errors, 0 left on base; Hamilton 3 - Detroit 1 |
| BOTTOM OF THE 8TH |
|
Detroit Red Wings batting - Pitching for Hamilton Cardinals : RHP Tom Gordam
|
|
Batting: RHB António Scarlett
|
0-0: Called Strike 0-1: Ball 1-1: Ground out 5-3 (Groundball, 56, EV 98.1 MPH)
|
|
Pitching: LHP Craig Soole
|
|
|
Batting: RHB Felipe Torres
|
0-0: Ball 1-0: Ball 2-0: Swinging Strike 2-1: Called Strike 2-2: Ball 3-2: Fly out, F8 (Flyball, 8LD, EV 94.4 MPH)
|
|
Batting: LHB Ryan Adams
|
0-0: Called Strike 0-1: Called Strike 0-2: Strikes out swinging
|
| Bottom of the 8th over - 0 runs, 0 hits, 0 errors, 0 left on base; Hamilton 3 - Detroit 1 |
| TOP OF THE 9TH |
|
Hamilton Cardinals batting - Pitching for Detroit Red Wings : LHP Jayden Carter
|
|
Batting: RHB Oscar Higareda
|
0-0: Ball 1-0: Fly out, F8 (Flyball, 8RM, EV 81.9 MPH)
|
|
Batting: RHB Matt Shaw
|
0-0: Fly out, F8 (Flyball, 8LS, EV 79.4 MPH)
|
|
Batting: LHB Josh Levin
|
0-0: Called Strike 0-1: Foul Ball, location: 2F 0-2: Foul Ball, location: 2F 0-2: Foul Ball, location: 2F 0-2: Ball 1-2: Strikes out looking
|
| Top of the 9th over - 0 runs, 0 hits, 0 errors, 0 left on base; Hamilton 3 - Detroit 1 |
| BOTTOM OF THE 9TH |
|
Detroit Red Wings batting - Pitching for Hamilton Cardinals : LHP Craig Soole
|
|
Pitching: LHP Kevin Snider
|
|
|
Batting: SHB Bill Casal
|
0-0: Ball 1-0: Foul Ball, location: 2F 1-1: Called Strike 1-2: Foul Ball, location: 2F 1-2: Ball 2-2: Ball 3-2: DOUBLE (Line Drive, 89D, EV 111.2 MPH)
|
|
Batting: SHB Salvador Lacosta
|
0-0: Ground out 4-3 (Groundball, 13, EV 80.0 MPH) Bill Casal to third
|
|
Batting: RHB Victor Acuna
|
0-0: Called Strike 0-1: Ball 1-1: Swinging Strike 1-2: Strikes out swinging
|
|
Batting: LHB Simon Barry
|
0-0: Ball 1-0: SINGLE (Flyball, 6MD, EV 93.8 MPH) Bill Casal scores
|
|
Batting: SHB Roderick Speed
|
0-0: Ball 1-0: Ball 2-0: Swinging Strike 2-1: SINGLE (Groundball, 4MD, EV 96.9 MPH) Simon Barry to second Throwing error, E8 Simon Barry scores Roderick Speed to second
|
|
Batting: LHB Duda Pinho
|
0-0: Called Strike 0-1: Ball 1-1: Foul Ball, location: 2F 1-2: Ball 2-2: Strikes out swinging
|
| Bottom of the 9th over - 2 runs, 3 hits, 1 error, 1 left on base; Hamilton 3 - Detroit 3 |
| TOP OF THE 10TH |
|
Hamilton Cardinals batting - Pitching for Detroit Red Wings : LHP Jayden Carter
|
|
Batting: SHB Kelly Brooks
|
0-0: Called Strike 0-1: Foul Ball, location: 2F 0-2: Ball 1-2: Strikes out looking
|
|
Batting: LHB Jonathan Barker
|
0-0: Ball 1-0: Foul Ball, location: 2F 1-1: Ball 2-1: Swinging Strike 2-2: Strikes out swinging
|
|
Batting: SHB Jae-hong Kym
|
0-0: Ball 1-0: Ball 2-0: Ball 3-0: Foul Ball, location: 2F 3-1: Base on Balls
|
|
Pitching: RHP Joshua Wilson
|
|
|
Batting: LHB Steven Higgs
|
0-0: Fly out, F9 (Flyball, 89M, EV 86.2 MPH)
|
| Top of the 10th over - 0 runs, 0 hits, 0 errors, 1 left on base; Hamilton 3 - Detroit 3 |
| BOTTOM OF THE 10TH |
|
Detroit Red Wings batting - Pitching for Hamilton Cardinals : LHP Kevin Snider
|
|
Pitching: LHP Kevin Folse
|
|
|
Batting: RHB António Scarlett
|
0-0: Ball 1-0: Ball 2-0: Called Strike 2-1: Ball 3-1: Base on Balls
|
|
Batting: RHB Felipe Torres
|
0-0: Foul Ball, location: 2F 0-1: Fly out, F3 (Popup, 34S, EV 75.6 MPH)
|
|
Batting: LHB Ryan Adams
|
0-0: Foul Ball, location: 2F 0-1: Foul Ball, location: 2F 0-2: Ball António Scarlett steals 2nd base 1-2: Ball 2-2: Ball 3-2: Intentional Walk
|
|
Pinch Hitting: RHB Yasutaka Yamasaki
|
0-0: Ball 1-0: SINGLE (Groundball, 56, EV 106.9 MPH) (infield hit) António Scarlett to third Ryan Adams to second
|
|
Batting: SHB Salvador Lacosta
|
0-0: Ball 1-0: Called Strike 1-1: Swinging Strike 1-2: Ball 2-2: Strikes out swinging
|
|
Batting: RHB Victor Acuna
|
0-0: Ball 1-0: Swinging Strike 1-1: Swinging Strike 1-2: Strikes out looking
|
| Bottom of the 10th over - 0 runs, 1 hit, 0 errors, 3 left on base; Hamilton 3 - Detroit 3 |
| TOP OF THE 11TH |
|
Hamilton Cardinals batting - Pitching for Detroit Red Wings : RHP Joshua Wilson
|
|
Now in RF: Tim Spence
|
|
|
Batting: RHB Jeff Gale
|
0-0: Fly out, F5 (Popup, 5S, EV 74.4 MPH)
|
|
Batting: LHB John Stewart
|
0-0: Called Strike 0-1: Ball 1-1: Ball 2-1: Foul Ball, location: 2F 2-2: Foul Ball, location: 2F 2-2: Ball 3-2: Strikes out looking
|
|
Batting: RHB Oscar Higareda
|
0-0: Foul Ball, location: 2F 0-1: Ball 1-1: Ground out 6-3 (Groundball, 6, EV 100.0 MPH)
|
| Top of the 11th over - 0 runs, 0 hits, 0 errors, 0 left on base; Hamilton 3 - Detroit 3 |
| BOTTOM OF THE 11TH |
|
Detroit Red Wings batting - Pitching for Hamilton Cardinals : LHP Kevin Folse
|
|
Batting: LHB Simon Barry
|
0-0: Ball 1-0: Fly out, F7 (Line Drive, 7LD, EV 111.9 MPH)
|
|
Batting: SHB Roderick Speed
|
0-0: Ball 1-0: Ball 2-0: Ball 3-0: Base on Balls
|
|
Batting: LHB Duda Pinho
|
Pickoff Throw to First - Out! 1-3 CS 0-0: Ball 1-0: Ball 2-0: Foul Ball, location: 2F 2-1: Ball 3-1: Foul Ball, location: 2F 3-2: Strikes out swinging
|
| Bottom of the 11th over - 0 runs, 0 hits, 0 errors, 0 left on base; Hamilton 3 - Detroit 3 |
| TOP OF THE 12TH |
|
Hamilton Cardinals batting - Pitching for Detroit Red Wings : RHP Joshua Wilson
|
|
Batting: RHB Matt Shaw
|
0-0: Called Strike 0-1: Swinging Strike 0-2: Strikes out looking
|
|
Batting: LHB Josh Levin
|
0-0: Ground out 4-3 (Groundball, 3D, EV 85.6 MPH)
|
|
Batting: SHB Kelly Brooks
|
0-0: Ball 1-0: Called Strike 1-1: Hit by Pitch
|
|
Batting: LHB Jonathan Barker
|
0-0: Called Strike 0-1: Called Strike 0-2: Ball 1-2: 2-RUN HOME RUN (Line Drive, 9D, EV 98.8 MPH), Distance : 407 ft
|
|
Batting: SHB Jae-hong Kym
|
0-0: Called Strike 0-1: Called Strike 0-2: Foul Ball, location: 2F 0-2: Strikes out swinging
|
| Top of the 12th over - 2 runs, 1 hit, 0 errors, 0 left on base; Hamilton 5 - Detroit 3 |
| BOTTOM OF THE 12TH |
|
Detroit Red Wings batting - Pitching for Hamilton Cardinals : LHP Kevin Folse
|
|
Batting: RHB António Scarlett
|
0-0: Ball 1-0: Foul Ball, location: 2F 1-1: Foul Ball, location: 2F 1-2: Ball 2-2: Strikes out swinging
|
|
Batting: RHB Felipe Torres
|
0-0: Called Strike 0-1: Foul Ball, location: 2F 0-2: Strikes out swinging, 2-3 out at first.
|
|
Batting: LHB Ryan Adams
|
0-0: Ball 1-0: Ball 2-0: Foul Ball, location: 2F 2-1: SOLO HOME RUN (Flyball, 9LD, EV 91.2 MPH), Distance : 342 ft
|
|
Batting: RHB Tim Spence
|
0-0: Ball 1-0: Ball 2-0: Called Strike 2-1: Fly out, F6 (Line Drive, 6M, EV 65.0 MPH)
|
| Bottom of the 12th over - 1 run, 1 hit, 0 errors, 0 left on base; Hamilton 5 - Detroit 4 |
|